 Dungeon Crawl Stone Soup version 0.31-a0-128-g25add195a6 (webtiles) character file.

Game seed: 9324838161373803061

1787 givingup the Caller (level 9, -9/51 HPs)
             Began as an Octopode Summoner on June 2, 2023.
             Was an Initiate of Gozag.
             Mangled by an ice beast (13 damage)
             ... on level 7 of the Dungeon.
             The game lasted 00:29:56 (8288 turns).

givingup the Caller (Octopode Summoner)             Turns: 8288, Time: 00:29:57

Health: -9/51      AC:  1    Str:  8    XL:     9   Next: 8%
Magic:  11/18      EV: 13    Int: 21    God:    Gozag
Gold:   612        SH:  0    Dex: 12    Spells: 9/21 levels left

rFire   . . .        l - +1 whip (elec)
rCold   . . .        (no shield)
rNeg    . . .        r - +0 hat
rPois   .            (no amulet)
rElec   .            o - ring of willpower
rCorr   .            (no ring)
SInv    .            (no ring)
Will    +....        (no ring)
Stlth   +++          (no ring)
HPRegen 0.28/turn    (no ring)
MPRegen 0.16/turn    (no ring)
                     (no ring)

%: no passive effects
@: gold aura
A: almost no armour, amphibious, 8 rings, camouflage 1, gelatinous body 1,
(nimble swimmer 1), tentacles
a: Renounce Religion, Potion Petition, Call Merchant, Bribe Branch


You were on level 7 of the Dungeon.
You worshipped Gozag.
Gozag was pleased with you.
You visited 2 branches of the dungeon, and saw 8 of its levels.

You collected 687 gold pieces.
You paid 75 gold pieces to Gozag.

Inventory:

Hand Weapons
 l - a +1 whip of electrocution (weapon)
 p - a +1 dagger of venom
Armour
 r - a +0 hat (worn)
Jewellery
 o - a ring of willpower (left tentacle)
Wands
 u - a wand of iceblast (11)
 v - a wand of polymorph (14)
Scrolls
 c - 3 scrolls of immolation
 f - a scroll of poison
 g - 2 scrolls of fog
 i - a scroll of blinking
 q - 2 scrolls of fear {unknown}
 s - a scroll of enchant armour {unknown}
 w - a scroll of brand weapon {unknown}
 x - a scroll of noise {unknown}
 y - 2 scrolls of enchant weapon {unknown}
 A - 2 scrolls of torment {unknown}
 B - a scroll of magic mapping
 C - a scroll of teleportation {unknown}
Potions
 a - a potion of magic
 b - 5 potions of curing
 e - 4 potions of heal wounds
 h - a potion of lignification {unknown}
 j - 2 potions of might
 k - 2 potions of enlightenment
 m - a potion of haste {unknown}
 n - a potion of brilliance {unknown}
 t - a potion of mutation {unknown}
 z - 2 potions of invisibility


   Skills:
 - Level 2.1 Dodging
 - Level 2.9 Stealth
 + Level 6.5 Spellcasting
 - Level 3.0 Hexes
 + Level 7.8 Summonings
 + Level 4.9 Air Magic


You had 9 spell levels left.
You knew the following spells:

 Your Spells              Type           Power      Damage    Failure   Level
b - Call Imp              Summ           78%        N/A       1%          2
c - Call Canine Familiar  Summ           39%        N/A       1%          3
d - Summon Guardian Gole  Hex/Summ       29%        N/A       3%          3
z - Summon Lightning Spi  Summ/Air       33%        N/A       7%          4

Your spell library contained the following spells:

 Spells                   Type           Power      Damage    Failure   Level
 Summon Small Mammal      Summ           100%       N/A       1%          1
 Swiftness                Air            27%        N/A       3%          3
 Static Discharge         Conj/Air       34%        2-4/arc   4%          2
 Ensorcelled Hibernation  Hex/Ice        26%        N/A       8%          2
 Apportation              Tloc           12%        N/A       10%         1
 Necrotise                Necr           24%        1d5       10%         1
 Airstrike                Air            13%        2d(2-18)  12%         4
 Passwall                 Tmut/Erth      5%         N/A       14%         2
 Inner Flame              Hex/Fire       13%        N/A       16%         3
 Flame Wave               Conj/Fire      6%         2d5       67%         4
 Sticky Flame             Conj/Fire      6%         2d3       67%         4
 Haunt                    Necr/Summ      11%        N/A       100%        7
 Infestation              Necr           3%         N/A       100%        8
 Animate Dead             Necr           Unusable   N/A       N/A         4

Dungeon Overview and Level Annotations

Branches:
Dungeon (7/15)             Temple (1/1) D:5

Altars:
Ashenzari
Dithmenos
Elyvilon
Fedhas
Gozag
Hepliaklqana
Kikubaaqudgha
Makhleb
Nemelex Xobeh
Okawaru
Qazlal
Ru
Sif Muna
Trog
Uskayaw
Vehumet
Wu Jian
Yredelemnul
The Shining One


Innate Abilities, Weirdness & Mutations

You cannot wear most types of armour.
You are amphibious.
You can wear up to eight rings at the same time.
Your skin changes colour to match your surroundings (Stealth+).
Your rubbery body absorbs attacks. (AC +1, EV +1)
((You are camouflaged when in or above water. (Stealth+)))
You have tentacles for arms and can constrict up to eight enemies at once.


Message History

The bullfrog misses you. The ice beast hits your hound.
The ice beast freezes your hound.
You hit the bullfrog. Lightning courses through the bullfrog!
You kill the bullfrog!
Your hound bites the ice beast.
Your hound bites the ice beast but does no damage.
You barely miss the ice beast.
The ice beast is lightly wounded.
Your hound misses the ice beast. The ice beast barely misses you.
Your hound misses the ice beast. You hit the ice beast.
You squeeze the ice beast.
The ice beast is lightly wounded.
Your hound bites the ice beast but does no damage.
The sky beast hits your hound. The sky beast shocks your hound.
The ice beast barely misses you.
You closely miss the ice beast.
The ice beast is lightly wounded.
Your hound bites the ice beast.
The sky beast misses your hound. The ice beast misses you.
Your hound bites the ice beast.
You barely miss the ice beast.
You squeeze the ice beast, but do no damage.
The ice beast is heavily wounded.
Your hound barely misses the ice beast.
The sky beast closely misses your hound.
The ice beast hits you. The ice beast freezes you!
* * * LOW HITPOINT WARNING * * *
Your hound closely misses the ice beast.
You hit the ice beast but do no damage.
You squeeze the ice beast, but do no damage.
The ice beast is heavily wounded.
The sky beast flickers out of sight!
Deactivating autopickup; reactivate with Ctrl-A.
Something hits your hound. Something shocks your hound.
Your hound dies!
Your hound's corpse disappears in a puff of smoke!
The ice beast hits you.
* * * LOW HITPOINT WARNING * * *
The ice beast freezes you!
You die...
Your body crumbles into a pile of gold.

## # #.##.# #.#
....#.##.##.# #.#
.........##.# #.####
............####.....
#######.###.........#
#.###.8.....8.#
#.#§{.§!......#
#.#Y#?...8....#
#.@.#..........
#.#.....>.....#
#.#...........#
..#...8.....8..
.....#..........
###.####.###.#.#. #.
... .#.. ## ..


You could see an ice beast.

Vanquished Creatures
  A bullfrog (D:7)
  A centaur zombie (D:7)
  A hound (D:5)
  An iguana (D:4)
  3 adders (D:4)
  2 orcs
  4 bats
  An endoplasm (D:4)
  A giant cockroach (D:2)
  3 goblins
  A hobgoblin (D:1)
  2 quokkas
  A ball python (D:3)
22 creatures vanquished.

Vanquished Creatures (collateral kills)
  2 sky beasts (D:6)
  A centaur (D:7)
  A kobold brigand (D:7)
  A scorpion (D:5)
  A centaur zombie (D:7)
  3 orc priests
  A hound (D:3)
  A sleepcap (D:6)
  6 adders
  2 white imps
  2 ufetubi (D:6)
  3 worms
  A dart slug (D:4)
  8 orcs
  3 ball pythons
  6 bats
  7 endoplasms
  3 giant cockroaches
  9 goblins
  11 hobgoblins
  10 jackals
  6 quokkas
  7 frilled lizards
  15 kobolds
  5 rats
115 creatures vanquished.

Vanquished Creatures (others)
  An orc warrior (D:6)
  An ice beast (D:7)
  A black bear (D:6)
  3 ogres (D:6)
  A gnoll sergeant (D:6)
  3 wights (D:5)
  A bullfrog zombie (D:7)
  An orc priest (D:6)
  2 gnolls (D:6)
  An orc (D:6)
15 creatures vanquished.

Grand Total: 152 creatures vanquished

Notes
Turn   | Place    | Note
-------+----------+-------------------------------------------
     0 | D:1      | givingup the Octopode Summoner began the quest for the Orb.
     0 | D:1      | Reached XP level 1. HP: 11/11 MP: 3/3
   225 | D:1      | Reached XP level 2. HP: 15/17 MP: 3/5
   258 | D:1      | Learned a level 2 spell: Call Imp
   570 | D:1      | Reached XP level 3. HP: 21/21 MP: 1/6
   574 | D:1      | Learned a level 3 spell: Call Canine Familiar
  1186 | D:2      | Found a bloodstained altar of Trog.
  1483 | D:2      | Found a faded altar of an unknown god.
  1497 | D:2      | Reached XP level 4. HP: 27/27 MP: 3/8
  1501 | D:2      | Learned a level 3 spell: Summon Guardian Golem
  2801 | D:3      | Reached skill level 1 in Hexes
  2801 | D:3      | Reached skill level 5 in Summonings
  2801 | D:3      | Reached XP level 5. HP: 31/31 MP: 3/10
  3406 | D:3      | Found a glowing golden altar of the Shining One.
  3470 | D:3      | Became a worshipper of the Shining One
  3727 | D:4      | Identified the +0 leather armour of Ecorhiet {rPois rC+
                  | SInv}
  3729 | D:4      | Found a white marble altar of Elyvilon.
  4073 | D:4      | Reached XP level 6. HP: 24/36 MP: 6/11
  4359 | D:4      | Found a burning altar of Makhleb.
  4931 | D:5      | Entered Level 5 of the Dungeon
  4938 | D:5      | Found a stormy altar of Qazlal.
  5510 | D:5      | Found a staircase to the Ecumenical Temple.
  5515 | Temple   | Entered the Ecumenical Temple
  5521 | Temple   | Fell from the grace of the Shining One
  5521 | Temple   | Became a worshipper of Gozag Ym Sagoz the Greedy
  5644 | D:5      | Reached XP level 7. HP: 41/41 MP: 11/13
  5649 | D:5      | Learned a level 4 spell: Summon Lightning Spire
  5676 | D:5      | Reached skill level 6 in Summonings
  6175 | D:6      | Reached skill level 1 in Air Magic
  6305 | D:6      | Reached skill level 5 in Spellcasting
  6343 | D:6      | Reached XP level 8. HP: 31/46 MP: 11/15
  6620 | D:6      | Reached skill level 7 in Summonings
  8201 | D:7      | Reached XP level 9. HP: 51/51 MP: 18/18
  8288 | D:7      | Mangled by an ice beast

Illustrated notes

Levels and vault maps discovered:
D:1:      dpeg_arrival_tiny_c, layout_rooms
D:2:      layout_basic, shapermc_ecumenical_altar_pompeii, basic_altar,
          grunt_ministairs_2
D:3:      layout_basic, lemuel_tele_altar, minivault_4,
          minmay_increasing_density
D:4:      layout_cave_pods, mainiacjoe_overflow_brackets, elyvilon_altar_1,
          kennysheep_cross_bottleneck, minmay_diced_spiral
D:5:      layout_basic, mainiacjoe_overflow_cross_hatched,
          minmay_temple_entry_nine_rooms
D:6:      layout_loops_ring
D:7:      layout_loops_ring, serial_shops, shop, serial_undead, serial_undead_a,
          serial_undead_f, serial_undead_b, serial_undead_f, st_stairs_1,
          minivault_26, hangedman_decor_lopped, minivault_10
Temple:   hellmonk_temple_two_chambers

Skill      XL: |  1  2  3  4  5  6  7  8 |
---------------+-------------------------+-----
Spellcasting   | 3 4 5 6 |  6.5
Hexes          | 1 2 3 |  3.0
Summonings     | 5 6 7 |  7.8
Air Magic      | 2 4 |  4.9
Dodging        | |  2.1
Stealth        | |  2.9

Action                     |  1- 3 |  4- 6 |  7- 9 || total
---------------------------+-------+-------+-------++-------
  Melee: Unarmed           |    28 |       |       ||    28
         Tentacles         |     5 |     6 |     6 ||    17
         Constrict         |     6 |    12 |     2 ||    20
         Punch             |     1 |     1 |     1 ||     3
         Whip              |       |    29 |    19 ||    48
   Cast: Summon Small Mamm |    48 |    32 |     1 ||    81
         Call Imp          |    16 |    13 |     8 ||    37
         Call Canine Famil |       |    23 |    21 ||    44
         Summon Guardian G |       |     5 |    24 ||    29
         Summon Lightning  |       |       |     3 ||     3
    Use: Scroll            |       |     6 |     5 ||    11
         Potion            |       |     1 |       ||     1
   Stab: Distracted        |     1 |       |       ||     1
         Sleeping          |       |     2 |       ||     2
 Armour: Skin              |     7 |     2 |     3 ||    12
  Dodge: Dodged            |    27 |    27 |    21 ||    75

Table legend: (Time is in decaauts)
 A = Elapsed time spent in this place.
 B = Non-inter-level travel time spent in this place.
 C = Inter-level travel time spent in this place.
 D = Time resting spent in this place.
 E = Time spent auto-exploring this place.
 F = Levels seen in this place.
 G = Mean time per level.
                   A        B        C        D        E       F      G
               +--------+--------+--------+--------+--------+-----+--------+
         Total |   8290 |   8113 |    177 |    102 |   6125 |   8 | 1036.2 |
       Dungeon |   8269 |   8096 |    173 |    102 |   6117 |   7 | 1181.3 |
        Temple |     20 |     16 |      4 |      0 |      8 |   1 |   20.0 |
               +--------+--------+--------+--------+--------+-----+--------+

Top non-repeatable levels by time:
     D:6: 1516 daAuts
     D:4: 1438 daAuts
     D:2: 1278 daAuts
     D:1: 1186 daAuts
     D:5: 1184 daAuts
     D:3: 1029 daAuts
     D:7: 636 daAuts
  Temple: 20 daAuts
